 Dungeon Crawl Stone Soup version 0.29.1-14-g9c671dbff4 (webtiles) character file.

Game seed: 5283342418968910979

35 Peloso the Shield-Bearer (level 3, 33/33 HPs)
             Began as a Minotaur Fighter on Feb 14, 2023.
             Got out of the dungeon alive.
             The game lasted 00:01:47 (836 turns).

Peloso the Shield-Bearer (Minotaur Fighter)          Turns: 836, Time: 00:01:47

Health: 33/33      AC:  9    Str: 17 (20) XL:     3   Next: 17%
Magic:  2/2        EV:  9    Int:  3 (5)  God:
Gold:   97         SH:  4    Dex:  8 (11) Spells: 2/2 levels left

rFire   + . .      SeeInvis .   a - +0 long sword
rCold   . . .      Faith    .   c - +0 buckler
rNeg    . . .      Spirit   .   b - +0 scale mail
rPois   .          Reflect  .   (helmet restricted)
rElec   .          Harm     .   (no cloak)
rCorr   .          Rampage  .   (no gloves)
Will    .....                   (no boots)
Stlth   ..........              (no amulet)
HPRegen 0.11/turn               (no ring)
MPRegen 0.08/turn               (no ring)

@: no status effects
A: horns 2, retaliatory headbutt, iridescent scales 1, fire resistance 1,
inability to drink after injury 1
a: no special abilities


You escaped.
You visited 1 branch of the dungeon, and saw 1 of its levels.

You collected 97 gold pieces.

Inventory:

Hand Weapons
 a - a +0 long sword (weapon)
Armour
 b - a +0 scale mail (worn)
 c - a +0 buckler (worn)
Scrolls
 g - 2 scrolls of identify
Potions
 d - a potion of might
 f - a potion of degeneration
 k - a potion of curing


   Skills:
 + Level 4.0 Fighting
 + Level 2.9 Long Blades
 + Level 4.1 Armour
 + Level 4.1 Shields


You had 2 spell levels left.
You didn't know any spells.
Your spell library was empty.

Dungeon Overview and Level Annotations

Branches:
Dungeon (1/15)

Altars:


Innate Abilities, Weirdness & Mutations

You have a pair of horns on your head.
You reflexively headbutt those who attack you in melee.
You are partially covered in iridescent scales. (AC +2)
Your flesh is heat resistant. (rF+)
You occasionally lose the ability to drink potions when taking damage.


Message History

Done exploring.
Done exploring.
Done exploring.
It was a potion of degeneration.
There was something very wrong with that liquid.
You feel weakened.
You feel dopey.
You feel clumsy.
It was a potion of mutation.
You feel extremely strange.
You occasionally lose the ability to drink potions when taking damage.
You feel resistant to heat.
Iridescent scales grow over part of your body.
It was a potion of lignification.
You turn into a tree.
Your +0 scale mail melds into your body.
Your roots penetrate the ground.
It was a potion of brilliance.
You feel clever all of a sudden.
Okay, then.
Unknown command.
Unknown command.
As you read the scroll labelled ASAJANAAPO, it crumbles to dust.
Magic quickly surges around you.
It was a scroll of vulnerability.
As you read the scroll labelled EMMABR GUFEL, it crumbles to dust.
It is a scroll of identify.
k - a potion of curing You start waiting.
Your transformation is almost over.
HP restored.
You feel less wooden.
Your +0 scale mail unmelds from your body.
You start waiting.
You feel your willpower return.
You start waiting.
You feel a little less clever now.
You start waiting.
Done waiting.
(D) Dungeon
Where to? (? - help)
What level of the Dungeon? (default 1, ? - help)
There is a staircase leading out of the dungeon here.
Are you sure you want to leave the Dungeon?
This will make you lose the game!
You have escaped!

#.....## #.#..[...#......#....
#.....# ##.##..#..#...#..#....
###.### ##..#..#...#..##..#....
....#######...##..#.###.##..#####
†...........#.####....##.....#
....#########.## ##.#..##....####
....# #..# ##....#######.. ....##
#..########.## ###..> ..[..#
#..#@.# ##..###..#.[ .....#
#..##.## #........### ###..##
#..###.######..#### #...## #..#
#..####....# ###..#### #.##
##......####
##....###.####.###.###
####.....##...##..#
###.###.....#.## #..#..#....##


There were no monsters in sight!

Vanquished Creatures
  A dart slug (D:1)
  7 ball pythons (D:1)
  4 bats (D:1)
  An endoplasm (D:1)
  A giant cockroach (D:1)
  A goblin (D:1)
  2 hobgoblins (D:1)
  3 quokkas (D:1)
  4 frilled lizards (D:1)
  6 kobolds (D:1)
  2 rats (D:1)
32 creatures vanquished.

Notes
Turn   | Place    | Note
-------+----------+-------------------------------------------
     0 | D:1      | Peloso the Minotaur Fighter began the quest for the Orb.
     0 | D:1      | Reached XP level 1. HP: 19/19 MP: 0/0
    88 | D:1      | Reached XP level 2. HP: 27/27 MP: 1/1
   407 | D:1      | Reached XP level 3. HP: 33/33 MP: 2/2
   666 | D:1      | Gained mutation: You occasionally lose the ability to drink
                  | potions when taking damage. [potion of mutation]
   666 | D:1      | Gained mutation: Your flesh is heat resistant. (rF+)
                  | [potion of mutation]
   666 | D:1      | Gained mutation: You are partially covered in iridescent
                  | scales. (AC +2) [potion of mutation]
   836 | D:$      | Got out of the dungeon alive.

Illustrated notes

Levels and vault maps discovered:
D:1:      lemuel_arrival_tunnels, layout_rooms, serial_forest,
          infiniplex_forest_clump_long, infiniplex_forest_lined_corner,
          infiniplex_forest_clump_small, infiniplex_forest_corner_2

Skill      XL: |  1  2 |
---------------+-------+-----
Fighting       | 4 |  4.0
Shields        | 4 |  4.1
Armour         | 4 |  4.1
Long Blades    | |  2.9

Action                   || total
-------------------------++-------
Melee: Long sword        ||    65
       Headbutt          ||    11
  Use: Potion            ||     4
       Scroll            ||     2
Armor: Scale mail        ||    56
Dodge: Dodged            ||    41
Block: Buckler           ||    20
